Map: 锈化山巅-天梯版

Players

遥远的彼方

  • Race: Protoss Protoss
  • League: Master

原为君羊 - Winner!

  • Race: Zerg Zerg
  • League: Master

VOD

Have the link to the VOD?

Description

Time

  • Played on: Oct. 3, 2020, 10:28 a.m.
  • Length: 10:40
Show
View Real Time Build Order
Export as new Build Order

遥远的彼方 Protoss 

Build Orders:  

Get SALT Encoding   

  12  0:00  Probe  
  13  0:12  Probe  
  14  0:21  Pylon  
  14  0:25  Probe  
  15  0:39  Probe (Chrono Boost)  
  16  0:44  Gateway  
  17  0:50  Assimilator  
  17  0:51  Probe (Chrono Boost)  
  17  0:56  Probe (Chrono Boost)  
  18  1:06  Probe  
  19  1:18  Probe, Pylon  
  20  1:30  Probe  
  20  1:32  Cybernetics Core  
  21  1:42  Probe  
  22  1:48  Nexus  
  22  1:54  Probe  
  22  1:57  Assimilator  
  23  2:06  Probe, Stalker (Chrono Boost)  
  26  2:18  Probe  
  27  2:26  Pylon  
  27  2:28  Adept  
  29  2:35  Probe  
  30  2:39  Stargate  
  30  2:47  Probe  
  31  2:51  Warp Gate, Shield Battery  
  31  2:58  Adept  
  35  3:05  Probe (Chrono Boost)  
  35  3:06  Probe (Chrono Boost)  
  35  3:15  Probe x2 (Chrono Boost), Void Ray (Chrono Boost)  
  37  3:20  Probe x2 (Chrono Boost)  
  43  3:32  Probe x2  
  45  3:34  Assimilator  
  45  3:35  Assimilator  
  45  3:37  Pylon  
  45  3:44  Probe x2  
  46  4:01  Probe  
  46  4:02  Probe  
  48  4:12  Stargate  
  48  4:13  Probe  
  48  4:14  Probe, Fleet Beacon  
  50  4:26  Probe x2, Pylon  
  50  4:29  Pylon  
  52  4:36  Protoss Air Weapons Level 1  
  52  4:39  Probe  
  52  4:40  Probe  
  60  5:04  Carrier x2 (Chrono Boost)  
  66  5:11  Probe x2  
  68  5:18  Gateway  
  68  5:20  Gateway  
  68  5:33  Nexus  
  68  5:36  Pylon x2  
  68  5:44  Probe x2  
  68  5:48  Forge  
  68  5:49  Twilight Council  
  70  5:55  Void Ray x2  
  78  6:11  Probe x2  
  78  6:18  Shield Battery  
  80  6:23  Probe x2, Protoss Ground Weapons Level 1  
  80  6:24  Gateway  
  82  6:26  Gateway  
  82  6:28  Photon Cannon, Gateway  
  82  6:41  Resonating Glaives  
  82  6:53  Probe x3, Protoss Air Weapons Level 2  
  85  7:07  Carrier (Chrono Boost)  
  85  7:08  Carrier (Chrono Boost)  
  97  7:15  Probe  
  97  7:16  Probe x2  
  97  7:21  Pylon  
  100  7:27  Photon Cannon, Pylon  
  100  7:29  Shield Battery  
  100  7:31  Probe x3  
  100  7:34  Pylon  
  100  7:35  Pylon  
  103  7:45  Probe x3  
  103  7:47  Adept  
  103  7:48  Adept x3  
  114  7:51  Adept  
  114  7:52  Adept  
  114  7:58  Probe x2  
  120  8:01  Assimilator  
  120  8:02  Assimilator  
  120  8:05  Robotics Facility  
  120  8:08  Shield Battery  
  120  8:19  Templar Archives  
  120  8:21  Gateway  
  120  8:22  Gateway  
  120  8:24  Pylon  
  120  8:26  Void Ray x2  
  128  8:45  Photon Cannon  
  128  8:46  Photon Cannon  
  128  8:48  Shield Battery  
  128  8:49  Immortal (Chrono Boost)  
  132  8:56  Psionic Storm  
  132  9:04  Photon Cannon  
  126  9:24  Adept x6  
  130  9:25  Adept x2  
  130  9:29  Void Ray  
  123  9:43  Immortal  
  103  9:53  High Templar x2  
  103  9:55  Zealot x4  
  103  9:58  Archon  
  101  10:18  Zealot x3  
  101  10:19  Zealot  
  83  10:30  Zealot x2  
Show
View Real Time Build Order
Export as new Build Order

原为君羊 Zerg - Winner!

Build Orders: Hatch First 

Get SALT Encoding   

  12  0:00  Drone  
  13  0:12  Overlord  
  13  0:17  Drone  
  14  0:30  Drone x2  
  16  0:49  Hatchery  
  15  0:52  Drone  
  15  0:56  Drone  
  17  0:59  Drone  
  18  1:10  Extractor  
  17  1:14  Spawning Pool  
  17  1:18  Drone  
  17  1:21  Drone  
  18  1:29  Drone  
  19  1:46  Hatchery  
  18  1:50  Drone  
  19  1:59  Drone  
  20  2:03  Queen  
  20  2:07  Zergling x2  
  23  2:13  Metabolic Boost  
  23  2:17  Drone  
  24  2:23  Overlord  
  24  2:26  Drone  
  25  2:32  Drone x2  
  25  2:35  Drone  
  28  2:41  Queen  
  30  2:45  Drone  
  30  2:47  Drone  
  30  2:50  Drone  
  33  2:54  Drone  
  33  2:55  Drone  
  35  3:00  Drone  
  35  3:03  Queen  
  38  3:06  Drone  
  38  3:09  Drone x2  
  41  3:13  Overlord  
  41  3:16  Drone  
  42  3:21  Overlord  
  42  3:35  Overlord  
  42  3:39  Queen  
  44  3:41  Drone  
  44  3:42  Drone x5  
  50  3:52  Overlord  
  50  3:54  Drone x6  
  50  3:55  Evolution Chamber  
  55  3:57  Drone  
  56  4:03  Queen  
  56  4:05  Overlord  
  58  4:11  Overlord  
  58  4:12  Lair  
  58  4:22  Overlord  
  58  4:23  Roach Warren  
  57  4:25  Drone  
  57  4:26  Drone x7  
  57  4:28  Extractor  
  57  4:29  Extractor  
  63  4:31  Drone  
  63  4:32  Drone x3  
  63  4:34  Zerg Missile Weapons Level 1  
  67  4:45  Overlord  
  67  4:47  Extractor x2  
  67  4:49  Overlord x2  
  65  4:54  Queen  
  65  4:56  Overlord  
  67  5:04  Roach x4  
  67  5:05  Roach, Drone  
  67  5:06  Drone x5  
  83  5:10  Roach  
  85  5:16  Roach  
  85  5:17  Roach  
  85  5:18  Drone  
  85  5:19  Roach  
  92  5:27  Queen x2  
  96  5:29  Drone  
  96  5:30  Drone x6  
  96  5:35  Hydralisk Den  
  102  5:39  Drone x3  
  102  5:41  Evolution Chamber  
  102  5:42  Drone  
  105  5:43  Queen  
  105  5:44  Drone  
  105  5:47  Drone  
  108  5:54  Drone  
  108  5:55  Overlord  
  109  6:00  Overlord  
  109  6:04  Hatchery  
  108  6:12  Hydralisk  
  108  6:13  Hydralisk x6  
  108  6:14  Overlord  
  122  6:23  Zerg Ground Armor Level 1  
  122  6:24  Grooved Spines  
  122  6:25  Overlord  
  122  6:27  Hydralisk  
  122  6:28  Hydralisk  
  122  6:29  Extractor  
  122  6:32  Hydralisk x2  
  125  6:34  Overlord  
  129  6:44  Hydralisk  
  129  6:45  Hydralisk x2  
  127  6:49  Hydralisk  
  127  6:52  Hydralisk  
  127  6:55  Drone  
  127  6:56  Drone x9  
  127  7:00  Hydralisk x2  
  139  7:04  Hydralisk  
  139  7:09  Hydralisk  
  139  7:10  Drone  
  142  7:17  Overlord  
  142  7:20  Zerg Missile Weapons Level 2  
  142  7:21  Overlord x2  
  142  7:22  Queen x3  
  148  7:30  Queen, Drone x2  
  148  7:32  Extractor  
  148  7:34  Hydralisk, Extractor  
  148  7:35  Hydralisk x3  
  158  7:38  Hydralisk  
  158  7:42  Overlord  
  160  7:45  Muscular Augments  
  160  7:49  Hydralisk  
  162  7:53  Hydralisk  
  162  7:54  Hydralisk  
  166  8:02  Hydralisk x2  
  166  8:03  Hydralisk  
  172  8:08  Hatchery  
  172  8:10  Overlord  
  172  8:11  Hydralisk x2  
  175  8:16  Queen  
  175  8:17  Queen  
  175  8:18  Overseer  
  179  8:22  Zerg Ground Armor Level 2  
  179  8:23  Overlord  
  179  8:25  Hydralisk  
  179  8:26  Hydralisk  
  181  8:30  Drone  
  181  8:31  Drone x4  
  188  8:36  Hydralisk  
  188  8:37  Hydralisk  
  188  8:40  Overlord  
  192  8:41  Queen x2  
  192  8:42  Hatchery  
  192  8:48  Hydralisk x2  
  199  9:17  Hydralisk x8  
  197  9:26  Hydralisk  
  197  9:27  Hydralisk x3  
  193  9:42  Roach x2  
  193  9:43  Roach x5  
  193  9:45  Roach  
  199  9:51  Hydralisk  
  199  9:52  Hydralisk  
  199  9:57  Overlord x2  
  199  10:05  Hydralisk  
  199  10:06  Hydralisk x3  
  197  10:09  Overseer  
  197  10:13  Hydralisk  
  197  10:14  Hydralisk  
Tags
 
Add a new tag
Caveats
  • Supply blocks, unpowered buildings, or Contaminate may cause inaccurate times.
  • Supply counts are checked every 10 seconds.